 Dungeon Crawl Stone Soup version 0.21-a0-417-g0adc95b (webtiles) character file.

7 Koleisus the Sneak (level 2, 0/19 HPs)
             Began as an Octopode Assassin on Nov 3, 2017.
             Slain by a jackal (2 damage)
             ... on level 1 of the Dungeon.
             The game lasted 00:00:57 (75 turns).

Koleisus the Sneak (Octopode Assassin)                Turns: 75, Time: 00:00:58

Health: 0/19       AC:  1    Str: 10    XL:     2   Next: 0%
Magic:  2/2        EV: 13    Int: 13    God:
Gold:   22         SH:  0    Dex: 13    Spells: 1/1 levels left

rFire    . . .     SeeInvis .   a - +2 dagger
rCold    . . .     Gourm    .   (no shield)
rNeg     . . .     Faith    .   (helmet restricted)
rPois    .         Spirit   .   (no amulet)
rElec    .         Reflect  .   (no ring)
rCorr    .         Harm     .   (no ring)
MR       .....                  (no ring)
Stlth    ++++......             (no ring)
HPRegen  0.06/turn              (no ring)
MPRegen  0.08/turn              (no ring)
                                (no ring)
                                (no ring)

@: no status effects
A: almost no armour, stealthy swim, amphibious, 8 rings, constrict 8, camouflage
1, gelatinous body 1
a: no special abilities


You were on level 1 of the Dungeon.
You were not hungry.

You visited 1 branch of the dungeon, and saw 1 of its levels.

You collected 22 gold pieces.

Inventory:

Hand Weapons
 a - a +2 dagger (weapon)
 b - a +0 blowgun
Missiles
 c - 8 poisoned needles
 d - 2 curare-tipped needles
Comestibles
 f - a bread ration
 g - a chunk of flesh


   Skills:
 + Level 2.0 Fighting
 + Level 2.0 Short Blades
 + Level 2.0 Throwing
 + Level 1.0 Dodging
 + Level 5.8 Stealth


You had one spell level left.
You didn't know any spells.

Dungeon Overview and Level Annotations

Branches:
Dungeon (1/15)

Altars:


Innate Abilities, Weirdness & Mutations

You cannot wear most types of armour.
You are very stealthy in the water. (Stealth+)
You are amphibious.
You can wear up to eight rings at the same time.
You can use your tentacles to constrict eight enemies at once.
Your skin changes colour to match your surroundings (Stealth+).
Your rubbery body absorbs attacks. (AC +1, EV +1)


Message History

* * * LOW HITPOINT WARNING * * *
The jackal bites you.
* * * LOW HITPOINT WARNING * * *
The jackal closely misses you. The leopard gecko barely misses you.
You hit the leopard gecko. Your grab misses the leopard gecko.
The leopard gecko is severely wounded.
The leopard gecko closely misses you.
You hit the leopard gecko but do no damage.
You grab the leopard gecko.
The leopard gecko is severely wounded.
You constrict the leopard gecko, but do no damage.
The leopard gecko misses you.
You hit the leopard gecko but do no damage.
The leopard gecko is severely wounded.
You constrict the leopard gecko.
You kill the leopard gecko!
You have reached level 2!
The jackal bites you.
You die...

######### ..##....#
#.##....# ###+##
#.##....# #....#
##.##....######....##
+...'....'.@h.......+
...r
##.##....####r....##
h...l.. #.##....#
#.....# ....... .
#.##########.....#
....... .# #.#
#.......(# h......
.## #.#
#........###......
..## #.#
#.......†......#
8..## #.#
#....####......#...
....###.# #....#
#..%.......


You could see a jackal and a rat.

Vanquished Creatures
  A leopard gecko (D:1)
  2 jackals (D:1)
  A bat (D:1)
  A goblin (D:1)
  A rat (D:1)
6 creatures vanquished.

Notes
Turn   | Place    | Note
-------+----------+-------------------------------------------
     0 | D:1      | Koleisus the Octopode Assassin began the quest for the Orb.
     0 | D:1      | Reached XP level 1. HP: 14/14 MP: 1/1
    75 | D:1      | Reached XP level 2. HP: 2/19 MP: 2/2
    75 | D:1      | Slain by a jackal

Vault maps used:
D:1:      grunt_arrival_lava_bath, hangedman_decor_opposing

Action                   || total
-------------------------++-------
Melee: Dagger            ||    17
       Constrict         ||     3
       Tentacles         ||     1
 Stab: Sleeping          ||     1
Armor: Skin              ||     1
Dodge: Dodged            ||    23

Table legend:
 A = Spawn XP
 B = Non-spawn XP
 C = Spawn XP percentage of total XP
 D = Spawn monster count
 E = Non-spawn monster count
 F = Spawn count percentage of total count
 G = Total turns spent on level
                    A         B        C        D         E        F      G
               +---------+---------+-------+---------+---------+-------+---------
         Total |       0 |      10 |   0.0 |       0 |       6 |   0.0 |    75
               +---------+---------+-------+---------+---------+-------+---------
           D:1 |       0 |      10 |   0.0 |       0 |       6 |   0.0 |    75
               +---------+---------+-------+---------+---------+-------+---------
